 Dungeon Crawl Stone Soup version 0.29.1-15-g9cfb28693d (webtiles) character file.

Game seed: 2759929679181476511

2157 jtron the Covered (level 9, -6/68 HPs)
             Began as a Gnoll Wanderer on Mar 2, 2023.
             Was a Follower of Makhleb.
             Mangled by a yak (7 damage)
             ... on level 8 of the Dungeon.
             The game lasted 00:24:36 (8236 turns).

jtron the Covered (Gnoll Wanderer)                  Turns: 8236, Time: 00:24:37

Health: -6/68      AC: 18    Str:  8 (11) XL:     9   Next: 31%
Magic:  16/16      EV: 10    Int: 13 (16) God:    Makhleb [*.....]
Gold:   324        SH:  0    Dex:  9 (12) Spells: 14/18 levels left

rFire   . . .      SeeInvis .   a - +2 glaive (pain)
rCold   . . .      Faith    +   (shield currently unavailable)
rNeg    . . .      Spirit   .   c - +0 ring mail
rPois   .          Reflect  .   l - +2 helmet
rElec   .          Harm     .   (no cloak)
rCorr   .          Rampage  .   (no gloves)
Will    .....                   (no boots)
Stlth   ++........              E - amulet of faith
HPRegen 0.21/turn               t - +4 ring of protection
MPRegen 0.15/turn               C - +4 ring of protection

@: no status effects
A: fangs 1, strong nose, distributed training
a: Renounce Religion


You were on level 8 of the Dungeon.
You worshipped Makhleb.
Makhleb was aware of your devotion.
You visited 2 branches of the dungeon, and saw 9 of its levels.
You also visited: Sewer.

You collected 324 gold pieces.

Inventory:

Hand Weapons
 a - a +2 glaive of pain (weapon)
 e - a +1 whip of electrocution
 f - a +2 dagger
 v - a +0 sling
Missiles
 j - 27 stones
 w - a poisoned dart
 z - a javelin (quivered)
Armour
 c - a +0 ring mail (worn)
 l - a +2 helmet (worn)
 o - a +0 helmet
Jewellery
 b - a ring of flight
 t - a +4 ring of protection (left hand)
 u - a +6 ring of intelligence
 C - a +4 ring of protection (right hand)
 E - an amulet of faith (around neck)
Wands
 g - a wand of roots (18)
 D - a wand of digging (7)
Scrolls
 d - 3 scrolls of blinking
 h - 3 scrolls of vulnerability
 k - 4 scrolls of teleportation
 m - 6 scrolls of butterflies
 y - 2 scrolls of amnesia
 A - 2 scrolls of immolation
 B - 2 scrolls of poison {unknown}
Potions
 i - a potion of invisibility
 n - a potion of degeneration
 r - a potion of resistance
 s - a potion of lignification
 F - a potion of curing


   Skills:
 + Level 5.1 Fighting
 + Level 4.3 Short Blades
 + Level 4.3 Long Blades
 + Level 4.3 Axes
 + Level 4.3 Maces & Flails
 + Level 4.3 Polearms
 + Level 4.3 Staves
 + Level 4.3 Ranged Weapons
 + Level 6.3 Throwing
 + Level 7.9 Armour
 + Level 4.3 Dodging
 + Level 4.3 Stealth
 + Level 4.3 Shields
 + Level 4.3 Unarmed Combat
 + Level 5.2 Spellcasting
 + Level 3.5 Conjurations
 + Level 3.5 Hexes
 + Level 3.5 Summonings
 + Level 3.5 Necromancy
 + Level 3.5 Translocations
 + Level 3.5 Transmutations
 + Level 3.5 Fire Magic
 + Level 6.6 Ice Magic
 + Level 3.5 Air Magic
 + Level 3.5 Earth Magic
 + Level 3.5 Poison Magic
 + Level 4.7 Invocations
 + Level 4.3 Evocations


You had 14 spell levels left.
You knew the following spells:

 Your Spells              Type           Power      Damage    Failure   Level
a - Freeze                Ice            80%        1d9       3%          1
b - Ozocubu's Armour      Ice            20%        N/A       10%         3

Your spell library contained the following spells:

 Spells                   Type           Power      Damage    Failure   Level
 Ensorcelled Hibernation  Hex/Ice        32%        N/A       9%          2
 Apportation              Tloc           24%        N/A       11%         1
 Necrotise                Necr           48%        1d6       11%         1
 Summon Small Mammal      Summ           48%        N/A       11%         1
 Passwall                 Tmut/Erth      10%        N/A       16%         2
 Static Discharge         Conj/Air       12%        3-5/arc   16%         2
 Spider Form              Tmut/Pois      12%        N/A       32%         3
 Swiftness                Air            12%        N/A       32%         3
 Anguish                  Hex/Necr       6%         N/A       71%         4
 Lightning Bolt           Conj/Air       6%         1d18      96%         5
 Enfeeble                 Hex            6%         N/A       100%        7
 Maxwell's Capacitive Co  Air            6%         ∞         100%        8


Dungeon Overview and Level Annotations

Branches:
Dungeon (8/15)             Temple (1/1) D:6           Sewer (visited)
   Lair: D:8-11

Altars:
Cheibriados
Dithmenos
Gozag
Hepliaklqana
Makhleb
Nemelex Xobeh
Okawaru
Qazlal
Ru
Sif Muna
Trog
Uskayaw
Vehumet
Wu Jian
Xom
Yredelemnul
Zin
The Shining One

Annotations:
D:4 Blork the orc
D:6 1 runed translucent door, hawla's ghost, novice MeIE


Innate Abilities, Weirdness & Mutations

You have very sharp teeth.
Your uncanny sense of smell can sniff out nearby items.
Your experience applies equally to all skills.


Message History

You are too injured to fight recklessly!
You are too injured to fight recklessly!
You are too injured to fight recklessly!
You are too injured to fight recklessly!
You are too injured to fight recklessly!
You are too injured to fight recklessly!
You are too injured to fight recklessly!
You are too injured to fight recklessly!
You are too injured to fight recklessly!
You are too injured to fight recklessly!
You are too injured to fight recklessly!
You are too injured to fight recklessly!
You are too injured to fight recklessly!
You are too injured to fight recklessly!
You are too injured to fight recklessly!
You are too injured to fight recklessly!
You are too injured to fight recklessly!
You hit the yak.
The yak writhes in agony.
The yak is severely wounded.
The yak gores you!
You slash the yak!
The yak is almost dead.
The yak closely misses you.
The yak gores you but does no damage. x2
The yak gores you!
* * * LOW HITPOINT WARNING * * *
You slash the yak!
You kill the yak!
Makhleb accepts your kill.
The yak gores you but does no damage. x2
You slash the yak!
The yak writhes in agony.
You bite the yak, but do no damage.
The yak is heavily wounded.
The yak closely misses you. The yak barely misses you.
The yak gores you but does no damage. The yak gores you!
* * * LOW HITPOINT WARNING * * *
A steam dragon comes into view.
The yak gores you.
* * * LOW HITPOINT WARNING * * *
The yak gores you!
You die...

****+***####**#.##........~≈...#
*,,,,,....,*#............~~..#
*,,,,,.....*#.#...#..........#
*,,,,,.....*#.#...'..........#
*,,,,,......#.#...#..........#
*,,,,,~~.?..#.....#..........#
*,,,,,..~.......#########'##.#
***,,,,,.....##.#....####....#.##
,,*****,........@Y...............
*+***,,,...####.YY...#.....#.#...
,,,****,,,,***#.Y....#.#.....#.##
,,,,* *,,,,,,,####...#,#.#.###...
,,∆,* *******,* **.....#.#......#
***,**** *,***,...[##.#...<...
*,,,,* *,,,,,,....))....####
****,* ****,,,D####.##.....#
**+*********,,,,***#.*#..#...


You could see 4 yaks and a steam dragon (wandering).

Vanquished Creatures
  A hornet (D:7)
  Grinder (D:5)
  A yak (D:8)
  2 water moccasins (D:7)
  3 black bears
  3 bullfrogs
  A scorpion (D:7)
  4 killer bees (D:7)
  An electric eel (D:8)
  3 hounds
  2 orc priests
  3 iguanas (D:6)
  A gnoll bouda (D:6)
  Ijyb (D:5)
  4 orc wizards
  11 gnolls
  12 adders
  4 dart slugs
  19 orcs
  5 endoplasms
  10 giant cockroaches
  4 goblins
  6 hobgoblins
  6 kobolds
  9 quokkas
  8 ball pythons
  6 bats
  12 frilled lizards
  7 rats
150 creatures vanquished.

Vanquished Creatures (others)
  2 withered plants (D:5)
2 creatures vanquished.

Grand Total: 152 creatures vanquished

Notes
Turn   | Place    | Note
-------+----------+-------------------------------------------
     0 | D:1      | jtron the Gnoll Wanderer began the quest for the Orb.
     0 | D:1      | jtron set off with the following items: a +2 dagger, 2
                  | curare-tipped darts, a +0 ring mail, a scroll of blinking;
                  | and the following spell memorised: Freeze; and the
                  | following spells available to memorise: Ozocubu's Armour.
     0 | D:1      | Reached XP level 1. HP: 17/17 MP: 4/4
   385 | D:1      | Found a faded altar of an unknown god.
   391 | D:1      | Reached XP level 2. HP: 22/23 MP: 5/5
  1043 | D:1      | Reached XP level 3. HP: 23/28 MP: 7/7
  1047 | D:1      | Learned a level 3 spell: Ozocubu's Armour
  1296 | D:2      | Found a stormy altar of Qazlal.
  1444 | D:2      | Reached skill level 1 in Invocations
  1691 | D:2      | Reached skill level 1 in Short Blades
  1691 | D:2      | Reached skill level 1 in Long Blades
  1691 | D:2      | Reached skill level 1 in Axes
  1691 | D:2      | Reached skill level 1 in Maces & Flails
  1691 | D:2      | Reached skill level 1 in Polearms
  1691 | D:2      | Reached skill level 1 in Staves
  1691 | D:2      | Reached skill level 1 in Ranged Weapons
  1691 | D:2      | Reached skill level 1 in Dodging
  1691 | D:2      | Reached skill level 1 in Stealth
  1691 | D:2      | Reached skill level 1 in Shields
  1691 | D:2      | Reached skill level 1 in Unarmed Combat
  1691 | D:2      | Reached skill level 1 in Evocations
  1773 | D:2      | Reached XP level 4. HP: 34/34 MP: 8/8
  2278 | D:3      | Reached skill level 1 in Conjurations
  2278 | D:3      | Reached skill level 1 in Hexes
  2278 | D:3      | Reached skill level 1 in Summonings
  2278 | D:3      | Reached skill level 1 in Necromancy
  2278 | D:3      | Reached skill level 1 in Translocations
  2278 | D:3      | Reached skill level 1 in Transmutations
  2278 | D:3      | Reached skill level 1 in Fire Magic
  2278 | D:3      | Reached skill level 1 in Air Magic
  2278 | D:3      | Reached skill level 1 in Earth Magic
  2278 | D:3      | Reached skill level 1 in Poison Magic
  2410 | D:3      | Found a shadowy altar of Dithmenos.
  2468 | D:3      | Found a glowing drain.
  2525 | Sewer    | Entered a sewer
  2622 | Sewer    | Reached XP level 5. HP: 32/40 MP: 2/9
  2993 | Sewer    | Reached XP level 6. HP: 28/47 MP: 6/11
  2998 | Sewer    | Reached skill level 5 in Throwing
  3412 | D:3      | Found a shimmering blue altar of Sif Muna.
  3961 | D:4      | Noticed Blork the orc
  3961 | D:4      | You fall into a shaft and drop 2 floors!
  3988 | D:5      | Entered Level 5 of the Dungeon
  4005 | D:5      | Found a basalt altar of Yredelemnul.
  4341 | D:5      | Found a stormy altar of Qazlal.
  4342 | D:5      | Found a shimmering altar of Xom.
  4465 | D:5      | Noticed Grinder
  4468 | D:5      | Paralysed by Grinder for 3 turns
  4470 | D:5      | Noticed Ijyb
  4486 | D:5      | Killed Ijyb
  4491 | D:5      | Killed Grinder
  4492 | D:5      | Reached skill level 7 in Armour
  4492 | D:5      | Reached XP level 7. HP: 39/53 MP: 12/12
  5078 | D:6      | Found a staircase to the Ecumenical Temple.
  5134 | Temple   | Entered the Ecumenical Temple
  5251 | Temple   | Became a worshipper of Makhleb the Destroyer
  5437 | D:6      | Found an iron altar of Okawaru.
  5509 | D:6      | Found a sparkling altar of Nemelex Xobeh.
  5685 | D:6      | Reached XP level 8. HP: 58/60 MP: 14/14
  5828 | D:6      | Found a runed translucent door.
  5828 | D:6      | Noticed hawla's ghost (novice MeIE)
  6057 | D:6      | Reached * piety under Makhleb
  6068 | D:6      | Found an opulent altar of Gozag.
  6068 | D:6      | Found a sacrificial altar of Ru.
  7038 | D:7      | Reached XP level 9. HP: 39/66 MP: 16/16
  7529 | D:7      | Reached skill level 5 in Spellcasting
  7597 | D:7      | Noticed a hornet
  7617 | D:7      | Killed a hornet
  7618 | D:7      | Reached skill level 5 in Fighting
  7840 | D:8      | Found a hazy altar of Hepliaklqana.
  8236 | D:8      | HP: 1/68 [yak (3)]
  8236 | D:8      | Mangled by a yak

Illustrated notes

Levels and vault maps discovered:
D:1:      sevenhm_arrival_forest_fort_large_3, layout_loops_ring,
          shapermc_ecumenical_altar_hornbeckon
D:2:      layout_loops_ring, basic_altar
D:3:      layout_loops_ring, nicolae_dithmenos_shadow_blocks, led_sif_pool,
          portal_sewer_entry_a, minmay_misc_feat_secret_circle
D:4:      kennysheep_slugbush, layout_basic, cheibrodos_ashenzari_chains,
          mainiacjoe_overflow_tiny_flanked, pf_guarded_unrand_meek,
          uniq_eustachio, uniq_blork_the_orc
D:5:      layout_loops_ring, yredelemnul_altar_generic,
          nicolae_overflow_squiral, uniq_ijyb, uniq_grinder
D:6:      layout_basic, mainiacjoe_overflow_brackets,
          mainiacjoe_overflow_boulevard, gammafunk_temple_overflow_pools,
          minmay_temple_entry_sparse_star, ebering_ghost_inner_flame,
          lightli_orcish_oven
D:7:      layout_loops_cross
D:8:      layout_basic, amcnicky_altar_gilded
Temple:   hellmonk_temple_beads

Skill      XL: |  1  2  3  4  5  6  7  8  9 |
---------------+----------------------------+-----
Invocations    | 1 2 3 4 |  4.7
Short Blades   | 1 2 3 4 |  4.3
Long Blades    | 1 2 3 4 |  4.3
Axes           | 1 2 3 4 |  4.3
Maces & Flails | 1 2 3 4 |  4.3
Polearms       | 1 2 3 4 |  4.3
Staves         | 1 2 3 4 |  4.3
Ranged Weapons | 1 2 3 4 |  4.3
Dodging        | 1 2 3 4 |  4.3
Stealth        | 1 2 3 4 |  4.3
Shields        | 1 2 3 4 |  4.3
Unarmed Combat | 1 2 3 4 |  4.3
Evocations     | 1 2 3 4 |  4.3
Spellcasting   | 3 4 5 |  5.2
Conjurations   | 1 2 3 |  3.5
Hexes          | 1 2 3 |  3.5
Summonings     | 1 2 3 |  3.5
Necromancy     | 1 2 3 |  3.5
Translocations | 1 2 3 |  3.5
Transmutations | 1 2 3 |  3.5
Fire Magic     | 1 2 3 |  3.5
Air Magic      | 1 2 3 |  3.5
Earth Magic    | 1 2 3 |  3.5
Poison Magic   | 1 2 3 |  3.5
Fighting       | 3 4 5 |  5.1
Throwing       | 5 6 |  6.3
Armour         | 7 |  7.9
Ice Magic      | 6 |  6.6

Action                   |  1- 3 |  4- 6 |  7- 9 || total
-------------------------+-------+-------+-------++-------
Melee: Dagger            |   128 |   132 |       ||   260
       Bite              |    14 |    13 |    18 ||    45
       Punch             |     3 |     1 |     4 ||     8
       Whip              |       |    24 |   124 ||   148
       Glaive            |       |       |    51 ||    51
Throw: Javelin           |    12 |    29 |    29 ||    70
       Stone             |     3 |     1 |     9 ||    13
       Dart              |       |     6 |     4 ||    10
 Cast: Freeze            |     8 |    42 |       ||    50
       Ozocubu's Armour  |       |       |     5 ||     5
Evoke: Wand              |       |       |     2 ||     2
  Use: Scroll            |       |     1 |     9 ||    10
       Potion            |       |     5 |     5 ||    10
 Stab: Invisible         |       |     2 |       ||     2
       Paralysed         |       |     1 |       ||     1
       Sleeping          |       |       |     4 ||     4
Armor: Ring mail         |    54 |   109 |   101 ||   264
       Skin              |       |       |     5 ||     5
Dodge: Dodged            |    64 |   112 |   119 ||   295
